 Dungeon Crawl Stone Soup version 0.23-a0-389-g4a5eb33 (webtiles) character file.

39 Cryolive the Digger (level 3, -2/19 HPs)
             Began as a Gargoyle Earth Elementalist on Oct 29, 2018.
             Slain by a goblin (3 damage)
             ... led by Robin
             ... on level 1 of the Dungeon.
             The game lasted 00:02:05 (1087 turns).

Cryolive the Digger (Gargoyle Earth Elementalist)   Turns: 1087, Time: 00:02:06

Health: -2/19      AC:  6    Str: 11    XL:     3   Next: 47%
Magic:  1/7        EV: 12    Int: 16    God:
Gold:   68         SH:  0    Dex: 10    Spells: 3/7 levels left

rFire    . . .     SeeInvis .   h - +0 flail
rCold    . . .     Gourm    .   (no shield)
rNeg     + . .     Faith    .   c - +0 robe
rPois    ∞         Spirit   .   (no helmet)
rElec    +         Reflect  .   f - +0 cloak
rCorr    .         Harm     .   (no gloves)
MR       .....                  (no boots)
Stlth    ++........             (no amulet)
HPRegen  0.06/turn              (no ring)
MPRegen  0.10/turn              (no ring)

@: very slightly contaminated
A: negative energy resistance 1, electricity resistance, unbreathing,
petrification resistance, rot immunity, AC +3
a: no special abilities


You were on level 1 of the Dungeon.
You were not hungry.

You visited 1 branch of the dungeon, and saw 2 of its levels.

You collected 68 gold pieces.

Inventory:

Hand Weapons
 h - a +0 flail (weapon)
Missiles
 b - 63 stones (quivered)
Armour
 c - a +0 robe (worn)
 f - a +0 cloak (worn)
Scrolls
 a - a scroll of random uselessness {unknown}
Potions
 e - a potion of flight {unknown}
 g - a potion of lignification {unknown}
 i - a potion of cancellation {unknown}
 j - a potion of heal wounds {unknown}
Comestibles
 d - 3 rations
 k - a chunk of flesh


   Skills:
 - Level 1.5 Dodging
 - Level 2.1 Stealth
 + Level 2.8 Spellcasting
 + Level 0.6 Conjurations
   Level 0.7 Transmutations
 + Level 4.5 Earth Magic


You had 3 spell levels left.
You knew the following spells:

 Your Spells              Type           Power        Failure   Level  Hunger
a - Sandblast             Erth           ###...       3%          1    #......
b - Stone Arrow           Conj/Erth      ##....       21%         3    ###....

Your spell library contained the following spells:

 Spells                   Type           Power        Failure   Level  Hunger
 Passwall                 Tmut/Erth      ##......     10%         2    ##.....
 Petrify                  Tmut/Erth      ##......     54%         4    #####..
 Lee's Rapid Deconstruct  Erth           ###.......   63%         5    ######.


Dungeon Overview and Level Annotations

Branches:
Dungeon (2/15)

Altars:

Annotations:
D:1 Robin


Innate Abilities, Weirdness & Mutations

You are resistant to torment.
Your stone body is resilient. (AC +3)
You are immune to poison.
You resist negative energy. (rN+)
You are resistant to electric shocks. (rElec)
You can survive without breathing.
You are immune to petrification.
You are immune to rotting.


Message History

* * * LOW HITPOINT WARNING * * *
Unknown command.
Casting: Sandblast (safe; 3% risk of failure)
Confirm with . or Enter, or press ? or * to list all spells.
Okay, then.
The adder closely misses you. The hobgoblin closely misses you.
Robin hits you but does no damage. The goblin hits you.
* * * LOW HITPOINT WARNING * * *
The goblin hits you but does no damage. The adder misses you.
You climb upwards.
There is a stone staircase leading down here.
Robin throws the goblin at you! The goblin barely misses you.
The adder barely misses you. The adder barely misses you.
Robin barely misses you. Robin throws the goblin at you!
The goblin hits you but does no damage. The adder closely misses you.
You hit the goblin.
The goblin is heavily wounded.
The hobgoblin barely misses you. The goblin hits you.
You die...

#....................#
#.##..#)#..####.#####.
#.....#.#..........##.
#.......##.####.###..#
#.....####.# #.###..#
#...)>)###.# #.##....
####.g.....## #.##....
#.Sgg....###....###
#.@#...#.....##.# #
#.g..#...#...##.###
#...)..#........)..
##.##....#....####.
#.............# ##
#...##....#.#)##
#........[.....#
##..........#.#.##
#........#.......#


You could see Robin, an adder, a hobgoblin and 2 goblins.

Vanquished Creatures
  A gnoll (D:1)
  2 dart slugs (D:1)
  8 goblins
  5 hobgoblins
  2 jackals (D:1)
  3 frilled lizards (D:1)
  3 kobolds (D:1)
24 creatures vanquished.

Notes
Turn   | Place    | Note
-------+----------+-------------------------------------------
     0 | D:1      | Cryolive the Gargoyle Earth Elementalist began the quest
                  | for the Orb.
     0 | D:1      | Reached XP level 1. HP: 10/10 MP: 3/3
   115 | D:1      | Reached skill level 4 in Earth Magic
   115 | D:1      | Reached XP level 2. HP: 15/15 MP: 0/5
   605 | D:1      | Reached XP level 3. HP: 16/19 MP: 6/6
   610 | D:1      | Learned a level 3 spell: Stone Arrow
   915 | D:2      | Noticed Robin
  1087 | D:1      | Slain by a goblin

Vault maps used:
D:1:      lightli_iron_boxes, hangedman_decor_peaks_small
D:2:      uniq_robin, uniq_crazy_yiuf_cottage

Skill      XL: |  1 |
---------------+----+-----
Earth Magic    | 4 |  4.5
Dodging        | |  1.5
Stealth        | |  2.1
Spellcasting   | |  2.8
Conjurations   | |  0.6
Transmutations | |  0.7

Action                   || total
-------------------------++-------
Melee: Unarmed           ||     9
       Flail             ||    61
 Cast: Sandblast         ||    15
 Stab: Sleeping          ||     1
  Eat: Chunk             ||     1
Armor: Robe              ||    46
Dodge: Dodged            ||    81

Table legend:
 A = Non-vault XP
 B = Vault XP
 C = Vault XP percentage of total XP
 D = Non-vault monster count
 E = Vault monster count
 F = Vault count percentage of total count
                 A         B        C        D         E       F
            +---------+---------+-------+---------+---------+-------
      Total |      44 |      13 |  22.8 |      17 |       7 |  29.2
            +---------+---------+-------+---------+---------+-------
        D:1 |      44 |       6 |  12.0 |      17 |       3 |  15.0
        D:2 |       0 |       7 | 100.0 |       0 |       4 | 100.0
            +---------+---------+-------+---------+---------+-------
